 Dungeon Crawl Stone Soup version 0.27-a0-1591-gc56fcc985a (webtiles) character file.

Game seed: 14795358504691516358

43 quinnr the Gusty (level 3, 0/19 HPs)
             Began as a Tengu Air Elementalist on July 19, 2021.
             Succumbed to a hobgoblin's poison
             ... on level 2 of the Dungeon.
             The game lasted 00:03:25 (1957 turns).

quinnr the Gusty (Tengu Air Elementalist)           Turns: 1957, Time: 00:03:25

Health: 0/19       AC:  2    Str:  8    XL:     3   Next: 58%
Magic:  5/7        EV: 12    Int: 16    God:
Gold:   38         SH:  4    Dex: 14    Spells: 6/7 levels left

rFire    + . .     SeeInvis .   (no weapon)
rCold    x . .     Faith    .   b - +0 buckler
rNeg     . . .     Spirit   .   a - +0 robe
rPois    .         Reflect  .   (helmet restricted)
rElec    .         Harm     .   (no cloak)
rCorr    .         Rampage  .   (no gloves)
Will     .....                  (boots unavailable)
Stlth    ++........             (no amulet)
HPRegen  0.06/turn              f - ring of fire
MPRegen  0.10/turn              (no ring)

@: brilliant, lethally poisoned (0 -> -7), very slightly contaminated, invisible
A: beak, talons 3
a: no special abilities


You were on level 2 of the Dungeon.
You visited 1 branch of the dungeon, and saw 2 of its levels.

You collected 38 gold pieces.

Inventory:

Missiles
 g - 3 atropa-tipped darts
Armour
 a - a +0 robe (worn)
 b - a +0 buckler (worn)
Jewellery
 f - a ring of fire (left hand)
Scrolls
 c - a scroll of identify {unknown}
 e - 2 scrolls of summoning {unknown}


   Skills:
 - Level 2.2 Dodging
 - Level 2.1 Stealth
 + Level 1.4 Shields
 + Level 2.5 Spellcasting
 - Level 1.5 Conjurations
 + Level 4.7 Air Magic


You had 6 spell levels left.
You knew the following spells:

 Your Spells              Type           Power      Damage    Failure   Level
a - Shock                 Conj/Air       72%        1d7       8%          1

Your spell library contained the following spells:

 Spells                   Type           Power      Damage    Failure   Level
 Static Discharge         Conj/Air       18%        N/A       11%         2
 Swiftness                Air            25%        N/A       12%         3
 Airstrike                Air            12%        N/A       36%         4


Dungeon Overview and Level Annotations

Branches:
Dungeon (2/15)

Altars:

Shops:
D:2 [

Annotations:
D:2 Sigmund


Innate Abilities, Weirdness & Mutations

You have a beak for a mouth.
You have claws for feet.


Message History

You are poisoned.
You feel sick.
The hobgoblin throws a poisoned dart.
The poisoned dart hits you!
You are more poisoned.
You feel very sick.
You feel very sick.
You feel sick.
You feel sick.
You feel sick.
Things that are here:
a +0 club; a goblin corpse You feel sick.
You are too injured to fight recklessly!
Casting: Shock (safe; 8% risk of failure)
Confirm with . or Enter, or press ? or * to list all spells.
Aiming: Shock (safe; 8% risk of failure)
Press: ? - help, Shift-Dir - straight line, f/p - hobgoblin
Aim: a hobgoblin, quivering poisoned darts (68% to hit)
The zap misses the hobgoblin.
You feel sick.
The hobgoblin throws a poisoned dart.
The poisoned dart hits you!
You are lethally poisoned!
Unknown command.
Casting: Shock (safe; 8% risk of failure)
Confirm with . or Enter, or press ? or * to list all spells.
Aiming: Shock (safe; 8% risk of failure)
Press: ? - help, Shift-Dir - straight line, f/p - hobgoblin
Aim: a hobgoblin, quivering poisoned darts (68% to hit)
The zap hits the hobgoblin.
The hobgoblin is severely wounded.
* * * LOW HITPOINT WARNING * * *
You feel very sick.
It was a potion of invisibility.
You fade into invisibility!
* * * LOW HITPOINT WARNING * * *
You feel sick.
You are very lightly contaminated with residual magic.
Unknown command.
It was a potion of brilliance.
You feel clever all of a sudden.
You die...

#############
######...........#
#.>...........##..
#.####.#####.....#
#.# #.# #...#..8.
#@# #.# #.#...#<#
#)# #.# #.##.8.∩.
#.# #.# # #.##.#
#.# #.# #.##8. #.#
#.# #.##.. #####g#
#.. ### #.....# ..
#.....# .# #...#.#


You could see a hobgoblin.

Vanquished Creatures
  An adder (D:2)
  A worm (D:2)
  A bat (D:1)
  An endoplasm (D:2)
  A giant cockroach (D:1)
  4 goblins
  4 jackals (D:1)
  3 kobolds
  2 quokkas (D:1)
  2 frilled lizards
  11 rats
31 creatures vanquished.

Notes
Turn   | Place    | Note
-------+----------+-------------------------------------------
     0 | D:1      | quinnr the Tengu Air Elementalist began the quest for the
                  | Orb.
     0 | D:1      | Reached XP level 1. HP: 10/10 MP: 4/4
   399 | D:1      | Reached XP level 2. HP: 15/15 MP: 4/6
   438 | D:1      | Found a faded altar of an unknown god.
  1022 | D:1      | Reached skill level 1 in Shields
  1294 | D:2      | Reached XP level 3. HP: 19/19 MP: 2/7
  1459 | D:2      | Noticed Sigmund
  1824 | D:2      | Found Tos Naz's Armour Boutique.
  1956 | D:2      | HP: 1/19 [poisoned by a hobgoblin]
  1957 | D:2      | Succumbed to a hobgoblin's poison

Illustrated notes

Levels and vault maps discovered:
D:1:      lightli_arrival_quake, layout_basic, ebering_ecumenical_altar_box,
          minmay_rat_gold_closets
D:2:      layout_loops_ring, basic_altar, serial_shops,
          nicolae_shop_statue_plus, uniq_jessica, uniq_sigmund,
          uniq_crazy_yiuf_cottage

Skill      XL: |  1  2 |
---------------+-------+-----
Shields        | 1 |  1.4
Dodging        | |  2.2
Stealth        | |  2.1
Spellcasting   | |  2.5
Conjurations   | |  1.5
Air Magic      | |  4.7

Action                   || total
-------------------------++-------
Melee: Unarmed           ||     7
       Kick              ||     2
       Peck              ||     1
 Cast: Shock             ||    60
  Use: Potion            ||     2
Dodge: Dodged            ||    14
Block: Buckler           ||     1

Table legend: (Time is in decaauts)
 A = Elapsed time spent in this place.
 B = Non-inter-level travel time spent in this place.
 C = Inter-level travel time spent in this place.
 D = Time resting spent in this place.
 E = Time spent auto-exploring this place.
 F = Levels seen in this place.
 G = Mean time per level.
                   A        B        C        D        E       F      G
               +--------+--------+--------+--------+--------+-----+--------+
         Total |   1958 |   1871 |     87 |     56 |   1604 |   2 |  979.0 |
       Dungeon |   1958 |   1871 |     87 |     56 |   1604 |   2 |  979.0 |
               +--------+--------+--------+--------+--------+-----+--------+

Top non-repeatable levels by time:
     D:1: 1431 daAuts
     D:2: 527 daAuts
